 Dungeon Crawl Stone Soup version 0.29-a0-393-g47a863cc1b (webtiles) character file.

Game seed: 5898035220821235219

130761 freelancePsychic the Marksdemonspawn (level 16, -3/134 HPs)
             Began as a Demonspawn Necromancer on May 9, 2022.
             Was a Believer of Cheibriados.
             Slain by a goliath frog (27 damage)
             ... on level 3 of the Swamp on May 10, 2022.
             The game lasted 01:22:32 (35215 turns).

freelancePsychic the Marksdemonspawn (DsNe)        Turns: 35215, Time: 01:22:32

Health: -3/134     AC:  1    Str: 14    XL:     16   Next: 53%
Magic:  14/25      EV: 18    Int: 19    God:    Cheibriados [**....]
Gold:   212        SH: 11    Dex: 27    Spells: 6/27 levels left

rFire   + + .      SeeInvis .   b - +5 longbow (pain)
rCold   + . .      Faith    .   (shield currently unavailable)
rNeg    . . .      Spirit   .   H - +3 scale mail {rF+}
rPois   +          Reflect  +   B - +0 helmet
rElec   .          Harm     .   t - scarf {rC+ rF+}
rCorr   .          Rampage  .   (gloves unavailable)
Will    +....                   L - +2 pair of boots {Fly}
Stlth   +.........              f - amulet of reflection
HPRegen 2.32/turn               s - ring of poison resistance
MPRegen 0.19/turn               n - +4 ring of protection

@: about to teleport, corroded, flying, very slow
A: claws 3, large bone plates 2, powered by death 3, spiny 1, dopey 1,
MP-powered wands
a: Renounce Religion, Bend Time


You were on level 3 of the Swamp.
You worshipped Cheibriados.
Cheibriados was pleased with you.
You visited 5 branches of the dungeon, and saw 27 of its levels.
You also visited: Ossuary and Gauntlet.

You collected 2477 gold pieces.
You spent 2265 gold pieces at shops.

Inventory:

Hand Weapons
 a - the +8 storm bow {elec, penet}
   (You bought it in a shop on level 15 of the Dungeon)

   Any ammunition fired from it occasionally discharges a powerful burst of
   electricity upon striking a foe.
   Any ammunition fired by it passes through the targets it hits, potentially
   hitting all targets in its path until it reaches maximum range.
 b - a +5 longbow of pain (weapon)
Missiles
 p - 3 throwing nets
Armour
 t - a scarf of resistance (worn)
 B - a +0 helmet (worn)
 H - a +3 scale mail of fire resistance (worn)
 I - the +11 plate armour "Oruotyd" {Int+4}
   (You found it on level 2 of the Lair of Beasts)

   Int:       It affects your intelligence (+4).
 L - a +2 pair of boots of flying (worn)
 T - the +7 chain mail of Ru's Approval {rElec Will+ Dex-2}
   (You bought it in a shop on level 2 of the Orcish Mines)

   Dex:       It affects your dexterity (-2).
   rElec:     It insulates you from electricity.
   Will:      It increases your willpower.
 U - a +1 troll leather armour {Snorg}
Magical Staves
 v - a staff of death
Jewellery
 f - an amulet of reflection (around neck)
 l - a +6 ring of strength
 m - a ring of willpower
 n - a +4 ring of protection (right claw)
 q - a ring of protection from cold
 s - a ring of poison resistance (left claw)
 w - a ring of ice
 z - an amulet of faith
 C - the ring of Taubb {Fly Str+6}
   (You found it in a Gauntlet)

   [ring of strength]

   Str:       It affects your strength (+6).
   Fly:       It grants you flight.
 K - a ring of ice
 X - a +6 ring of dexterity
Wands
 e - a wand of iceblast (18)
 D - a wand of digging (11)
 E - a wand of flame (20)
 F - a wand of polymorph (17)
 N - a wand of paralysis (11)
 P - a wand of acid (8)
 V - a wand of mindburst (8)
Scrolls
 g - 2 scrolls of teleportation {@r4}
 j - 6 scrolls of fog
 o - a scroll of amnesia {unknown}
 r - 2 scrolls of torment
 J - 13 scrolls of identify {@r1}
 M - a scroll of poison
 R - a scroll of magic mapping
 W - a scroll of enchant armour
 Y - 3 scrolls of brand weapon {unknown}
Potions
 c - 4 potions of mutation
 d - 3 potions of attraction {unknown}
 h - 5 potions of brilliance
 k - 2 potions of flight
 u - 2 potions of lignification
 x - 4 potions of degeneration {unknown}
 y - 6 potions of resistance
 A - 3 potions of berserk rage {unknown}
 G - 4 potions of might {unknown}
 Q - 4 potions of ambrosia {unknown}


   Skills:
 + Level 14.7 Fighting
 * Level 17.1 Bows
 + Level 2.6 Armour
 - Level 11.3 Dodging
 - Level 1.7 Stealth
 - Level 6.1 Spellcasting
 - Level 4.3 Hexes
 - Level 14.1 Necromancy
 - Level 7.9 Earth Magic
 - Level 3.0 Evocations


You had 6 spell levels left.
You knew the following spells:

 Your Spells              Type           Power      Damage    Failure   Level
a - Animate Dead          Necr           28%        N/A       1%          4
b - Vampiric Draining     Necr           56%        2d10      1%          3
c - Anguish               Hex/Necr       20%        N/A       10%         4
d - Borgnjor's Vile Clut  Necr/Erth      23%        N/A       14%         5
e - Pain                  Necr           100%       1d9       1%          1
f - Dispel Undead         Necr           56%        3d20      1%          4

Your spell library contained the following spells:

 Spells                   Type           Power      Damage    Failure   Level
 Animate Skeleton         Necr           100%       N/A       1%          1
 Sandblast                Erth           72%        2d16      1%          1
 Sublimation of Blood     Necr           56%        N/A       1%          2
 Corpse Rot               Necr/Air       64%        N/A       3%          2
 Agony                    Necr           56%        N/A       3%          5
 Excruciating Wounds      Necr           28%        N/A       3%          5
 Passwall                 Tmut/Erth      16%        N/A       13%         2
 Tukima's Dance           Hex            22%        N/A       22%         3
 Stone Arrow              Conj/Erth      40%        3d9       26%         3
 Ensorcelled Hibernation  Hex/Ice        28%        N/A       28%         2
 Apportation              Tloc           10%        N/A       41%         1
 Magic Dart               Conj           20%        1d4       41%         1
 Summon Small Mammal      Summ           20%        N/A       41%         1
 Dazzling Flash           Conj/Hex       28%        N/A       50%         3
 Call Imp                 Summ           5%         N/A       56%         2
 Poisonous Vapours        Pois/Air       10%        N/A       56%         2
 Scorch                   Fire           10%        2d6       56%         2
 Searing Ray              Conj           10%        2d4       56%         2
 Static Discharge         Conj/Air       5%         N/A       56%         2
 Frozen Ramparts          Ice            10%        1d3       80%         3
 Gell's Gravitas          Tloc           5%         N/A       80%         3
 Ignite Poison            Fire/Tmut/Pois 5%         N/A       80%         3
 Mephitic Cloud           Conj/Pois/Air  5%         N/A       80%         3
 Swiftness                Air            5%         N/A       80%         3
 Teleport Other           Tloc           5%         N/A       80%         3
 Fulminant Prism          Conj/Hex       7%         3d7       88%         4
 Simulacrum               Ice/Necr       16%        N/A       98%         6
 Airstrike                Air            2%         N/A       99%         4
 Flame Wave               Conj/Fire      5%         2d5       99%         4
 Ice Form                 Ice/Tmut       5%         N/A       99%         4
 Passage of Golubria      Tloc           5%         N/A       99%         4
 Sticky Flame             Conj/Fire      5%         2d3       99%         4
 Summon Ice Beast         Ice/Summ       5%         N/A       99%         4
 Summon Lightning Spire   Summ/Air       5%         N/A       99%         4
 Yara's Violent Unravell  Hex/Tmut       7%         3d5       99%         5
 Alistair's Intoxication  Tmut/Pois      3%         N/A       100%        5
 Blade Hands              Tmut           2%         N/A       100%        5
 Freezing Cloud           Conj/Ice/Air   2%         6-21      100%        5
 Irradiate                Conj/Tmut      2%         3d14      100%        5
 Lightning Bolt           Conj/Air       2%         1d14      100%        5
 Dispersal                Tloc           2%         N/A       100%        6
 Eringya's Noxious Bog    Tmut/Pois      2%         N/A       100%        6
 Summon Cactus Giant      Summ           2%         N/A       100%        6
 Dragon Form              Tmut           2%         N/A       100%        7
 Enfeeble                 Hex            11%        N/A       100%        7
 Maxwell's Capacitive Co  Air            2%         ∞         100%        8


Dungeon Overview and Level Annotations

Branches:
Dungeon (15/15)            Temple (1/1) D:6            Lair (6/6) D:11
  Swamp (3/4) Lair:2       Spider (0/4) Lair:2        Slime (0/5) Lair:5
    Orc (2/2) D:11            Elf (0/3) Orc:2        Vaults (0/5) D:14
 Depths (0/4) D:15        Ossuary (visited)         Gauntlet (visited)

Altars:
Ashenzari
Cheibriados
Dithmenos
Elyvilon
Fedhas
Gozag
Hepliaklqana
Kikubaaqudgha
Makhleb
Nemelex Xobeh
Okawaru
Qazlal
Ru
Sif Muna
Trog
Uskayaw
Vehumet
Wu Jian
Xom
Yredelemnul
Zin
The Shining One
Beogh
Jiyva
Lugonu

Shops:
D:2 [   D:7 [   D:15 (   Orc:2 [[([

Portals:
Abyss: D:13
Trove: D:12 (give +2 ice dragon scales)

Annotations:
D:6 2 transporters
Lair:2 exclusion: 3 oklob plants


Innate Abilities, Weirdness & Mutations

You have claws for hands.
You are mostly covered in large bone plates. (SH +6)
You regenerate a lot of health from kills.
You are partially covered in sharp spines.
You are dopey. (Int -2)
You expend magic power (3 MP) to strengthen your wands.


Message History

* * * LOW HITPOINT WARNING * * *
The will-o-the-wisp gestures.
The will-o-the-wisp conjures some foxfire!
Your swamp worm zombie bites the goliath frog! 2 foxfires come into view.
Shoot: b) +5 longbow (pain)
Press: ? - help, Shift-Dir - straight line, f/p - goliath frog
Aim: a goliath frog (almost dead, ally target, 65% to hit)
You shoot an arrow. The arrow hits the will-o-the-wisp.
The will-o-the-wisp is lightly damaged.
The foxfire hits you. You resist.
* * * LOW HITPOINT WARNING * * *
The foxfire hits you! You resist.
* * * LOW HITPOINT WARNING * * *
The goliath frog hits you from afar.
* * * LOW HITPOINT WARNING * * *
The acid corrodes you!
You are splashed with acid!
* * * LOW HITPOINT WARNING * * *
The will-o-the-wisp is struck by your spines.
The will-o-the-wisp closely misses you.
Your swamp worm zombie bites the goliath frog!
The goliath frog dies!
Cheibriados appreciates the change of pace.
You feel better.
Your surroundings suddenly seem different.
A goliath frog and 2 swamp worms come into view.
A swamp worm comes into view.
As you read the scroll of fear, it crumbles to dust.
You assume a fearsome visage.
The goliath frog resists with some effort.
The swamp worm looks frightened! x3; The goliath frog hits you from afar.
* * * LOW HITPOINT WARNING * * *
You are splashed with acid!
* * * LOW HITPOINT WARNING * * *
Okay, then.
As you read the scroll of teleportation {@r4}, it crumbles to dust.
You feel strangely unstable. The goliath frog barely misses you.
A tyrant leech comes into view.
You feel better. The goliath frog hits you from afar!!
You die...

w♣ .♣♣.≈≈≈♣.≈
≈♣♣♣≈....♣...
♣♣.♣..≈..≈w...
.♣≈..≈≈≈..≈≈≈≈≈ ..
♣≈♣≈≈≈≈≈≈≈≈≈≈≈≈
♣♣.≈
≈≈≈≈≈≈≈≈≈≈≈≈≈≈≈
♣..≈
....≈≈≈≈≈≈§§≈≈≈≈.≈
♣.≈≈ ♣.≈@≈≈§≈≈≈≈≈≈≈
♣.≈≈
♣♣..≈F≈≈...≈≈≈. ♣..
♣≈.§§≈≈.≈≈≈≈≈.♣♣♣♣.
♣≈.≈...≈≈≈≈≈≈≈§..≈.
♣≈...w≈≈.≈≈≈≈≈.≈...
♣.≈≈≈≈≈≈≈≈≈≈≈$.≈.§≈
♣.≈≈≈≈≈≈♣§...♣..≈§≈
♣♣≈.≈≈≈.. ♣[.§§≈
♣♣≈.≈≈


You could see a tyrant leech (wandering), a goliath frog and 2 swamp worms.

Vanquished Creatures
  Rupert (Lair:4)
  Kirke (Lair:4)
  Donald (Orc:2)
  Louise (D:14)
  A stone giant (D:15)
  3 eleionomae
  A bunyip (Swamp:3)
  An ettin (Orc:1)
  Snorg (Lair:4)
  Josephine (D:10)
  Harold (D:9)
  8 vault guards (D:14)
  A fenstrider witch zombie (Swamp:1)
  3 boulder beetles
  3 ghost crabs
  A death knight (D:15)
  An ogre mage (D:13)
  The ghost of spaghetti the Spear-Bearer, a journeyman GnBe of Trog (Lair:2)
  8 alligators
  4 catoblepae
  8 hydras
  5 centaur warriors
  16 death yaks
  4 two-headed ogres
  4 tengu warriors
  6 orc high priests (Orc:2)
  Sonja (Lair:4)
  Nergalle (Lair:2)
  4 goliath frogs
  2 swamp dragons
  A bunyip zombie (Swamp:1)
  A spriggan druid (Swamp:2)
  A bog body (Swamp:1)
  A phantasmal warrior (D:15)
  3 deep elf pyromancers
  2 orc knights (D:15)
  6 ugly things
  2 cyclopes
  5 manticores
  3 will-o-the-wisps
  7 elephants
  3 orc sorcerers
  Joseph (D:8)
  2 eleionoma skeletons (Swamp:1)
  A guardian serpent (shapeshifter) (D:13)
  2 black mambas
  4 torpor snails
  14 cane toads
  4 molten gargoyles
  A smoke demon (Gauntlet)
  A spriggan zombie (Swamp:1)
  A gargoyle (D:12)
  6 komodo dragons
  3 unseen horrors
  6 rime drakes
  5 yaktaurs (D:15)
  An efreet (D:14)
  A freezing wraith (D:15)
  A tengu conjurer (D:14)
  2 spriggan skeletons (Swamp:1)
  4 trolls
  A queen bee (Lair:2)
  4 tyrant leeches
  5 hornets
  2 polar bears (Lair:3)
  A death drake zombie (Swamp:1)
  A bloated husk (Swamp:2)
  A death drake skeleton (Swamp:1)
  9 blink frogs
  An alligator zombie (Swamp:1)
  7 slime creatures
  A dream sheep (Lair:1)
  A jumping spider (shapeshifter) (D:13)
  A centaur simulacrum (D:15)
  A vampire (D:10)
  6 basilisks
  5 spriggans
  A tyrant leech zombie (Swamp:1)
  An alligator skeleton (Swamp:1)
  57 yaks
  8 wraiths
  9 wyverns
  Grum (D:9)
  7 swamp worms
  10 vampire mosquitoes
  3 wargs
  An acid dragon (D:13)
  18 water moccasins
  A bog body skeleton (Swamp:1)
  3 black bears
  3 ice beasts
  2 sky beasts (D:8)
  24 orc warriors
  10 ogres
  A centaur (D:6)
  20 wolves
  2 phantoms (D:4)
  2 necrophages
  11 bullfrogs
  An elf skeleton (D:5)
  A scorpion (D:6)
  A wight (D:10)
  2 water moccasin zombies (Ossuary)
  32 killer bees
  2 howler monkeys (D:12)
  2 electric eels (Lair:1)
  5 lava snakes (Lair:4)
  2 crimson imps (Gauntlet)
  5 jellies
  37 orc priests
  2 gnoll shamans
  A hound (D:3)
  A human zombie (D:5)
  An iguana (D:4)
  39 orc wizards
  2 mummies (Ossuary)
  16 gnolls
  2 adders
  2 ufetubi
  3 adder zombies (Ossuary)
  2 worms
  2 dart slugs
  88 orcs
  7 endoplasms
  5 giant cockroaches
  7 gnoll zombies (Ossuary)
  4 goblins
  10 hobgoblins
  9 jackals
  6 kobolds
  3 quokkas
  7 ball pythons
  5 bats
  9 frilled lizards
  5 hobgoblin zombies (Ossuary)
  7 kobold zombies (Ossuary)
  2 orc skeletons (D:5)
  6 orc zombies
  4 rats
  2 lurking horrors (D:13)
780 creatures vanquished.

Vanquished Creatures (collateral kills)
  Nessos (Lair:6)
  A death yak (Lair:5)
  A goliath frog (Swamp:3)
  A torpor snail (Lair:1)
  A cane toad (Lair:2)
  A tengu conjurer (Gauntlet)
  2 dream sheep (Lair:1)
  7 yaks
  A wyvern (D:9)
  2 killer bees (Lair:2)
18 creatures vanquished.

Vanquished Creatures (others)
  A boulder beetle (D:13)
  A hydra (Lair:4)
  A two-headed ogre (D:10)
  2 ugly things (D:12)
  A cyclops (D:11)
  A manticore (D:13)
  2 elephants (Lair:5)
  Maurice (D:8)
  2 molten gargoyles (D:12)
  2 cane toads
  A troll (D:11)
  A shadow (D:9)
  8 yaks
  2 humans (Lair:4)
  A hog (Lair:4)
  A vampire mosquito (D:12)
  A warg (D:10)
  2 water moccasins
  A wolf (D:9)
  2 killer bees (Lair:2)
  An orc wizard (D:10)
  An orc (D:11)
  20 foxfires
  52 fungi
  57 plants
165 creatures vanquished.

Grand Total: 963 creatures vanquished

Notes
Turn   | Place    | Note
-------+----------+-------------------------------------------
     0 | D:1      | freelancePsychic the Demonspawn Necromancer began the quest
                  | for the Orb.
     0 | D:1      | Reached XP level 1. HP: 13/13 MP: 3/3
   422 | D:1      | Gained mutation: You regenerate a little health from kills.
                  | [demonic ancestry]
   422 | D:1      | Reached XP level 2. HP: 18/20 MP: 1/5
   597 | D:1      | Reached skill level 1 in Fighting
  1072 | D:1      | Gained mutation: You are partially covered in large bone
                  | plates. (SH +4) [demonic ancestry]
  1072 | D:1      | Reached XP level 3. HP: 23/26 MP: 2/6
  1316 | D:1      | Found a faded altar of an unknown god.
  1595 | D:2      | Identified the +2 leather armour "Vekicola" {-Cast +Blink
                  | Regen+ Slay-3}
  1792 | D:2      | Learned a level 3 spell: Vampiric Draining
  2459 | D:2      | Found Pich's Antique Armour Shop.
  2581 | D:3      | Reached skill level 5 in Necromancy
  2959 | D:3      | Gained mutation: You have sharp fingernails. [demonic
                  | ancestry]
  2959 | D:3      | Reached XP level 4. HP: 31/33 MP: 5/8
  3454 | D:3      | Gained mutation: You regenerate health from kills. [demonic
                  | ancestry]
  3454 | D:3      | Reached XP level 5. HP: 39/39 MP: 0/9
  3939 | D:4      | Noticed a phantom
  4077 | D:4      | Got Danomn's Reference Book on Companions and Hexes
  4264 | D:4      | Noticed a phantom
  4399 | D:4      | Found a hide-covered altar of Uskayaw.
  4961 | D:5      | Entered Level 5 of the Dungeon
  4961 | D:5      | Noticed a black bear
  5043 | D:5      | Reached XP level 6. HP: 47/47 MP: 7/11
  5223 | D:5      | Found a sand-covered staircase.
  5319 | Ossuary  | Entered an ossuary
  5675 | Ossuary  | Reached XP level 7. HP: 54/54 MP: 13/13
  5688 | Ossuary  | Gained mutation: You are dopey. (Int -2) [potion of
                  | mutation]
  5688 | Ossuary  | Gained mutation: You expend magic power (3 MP) to
                  | strengthen your wands. [potion of mutation]
  6596 | D:5      | Identified a scroll of acquirement
  6596 | D:5      | Acquired a staff of death
  6653 | D:5      | Reached skill level 5 in Fighting
  6653 | D:5      | Reached skill level 5 in Spellcasting
  7033 | D:6      | Gained mutation: You have very sharp fingernails. [demonic
                  | ancestry]
  7033 | D:6      | Reached XP level 8. HP: 62/62 MP: 5/15
  7218 | D:6      | Reached skill level 1 in Evocations
  7628 | D:6      | Found a transporter.
  7836 | D:6      | Found a staircase to the Ecumenical Temple.
  7838 | D:6      | Found a transporter.
  7848 | Temple   | Entered the Ecumenical Temple
  8032 | Temple   | Became a worshipper of Kikubaaqudgha
  8624 | D:4      | Reached skill level 1 in Bows
  8988 | D:7      | Reached skill level 2 in Bows
  8988 | D:7      | Gained mutation: You are mostly covered in large bone
                  | plates. (SH +6) [demonic ancestry]
  8988 | D:7      | Reached XP level 9. HP: 71/71 MP: 5/18
  9255 | D:7      | Found Neatzer's Antique Armour Boutique.
  9644 | D:7      | Found a radiant altar of Vehumet.
  9652 | D:7      | Found a faded altar of an unknown god.
  9654 | D:7      | Found a hazy altar of Hepliaklqana.
  9656 | D:7      | Found a faded altar of an unknown god.
  9891 | D:8      | Noticed Joseph
  9911 | D:8      | Killed Joseph
  9912 | D:8      | Reached skill level 3 in Bows
 10223 | D:8      | Noticed Maurice
 10236 | D:8      | Killed Maurice
 10237 | D:8      | Reached skill level 4 in Bows
 10459 | D:8      | Reached * piety under Kikubaaqudgha
 10459 | D:8      | Received a gift from Kikubaaqudgha
 10657 | D:8      | Reached skill level 5 in Bows
 11317 | D:9      | Noticed a two-headed ogre
 11321 | D:9      | Killed a two-headed ogre
 11322 | D:9      | Reached XP level 10. HP: 80/80 MP: 12/19
 11330 | D:9      | Noticed Harold
 11339 | D:9      | Killed Harold
 11340 | D:9      | Reached skill level 6 in Bows
 11524 | D:8      | Noticed a rust devil
 11524 | D:8      | Noticed a rust devil
 11645 | D:9      | Noticed Grum
 11668 | D:9      | Killed Grum
 11669 | D:9      | Reached skill level 7 in Bows
 12030 | D:10     | Entered Level 10 of the Dungeon
 12196 | D:10     | Noticed Josephine
 12372 | D:10     | Reached ** piety under Kikubaaqudgha
 12373 | D:10     | Reached skill level 10 in Necromancy
 12734 | D:10     | Reached skill level 8 in Bows
 12763 | D:10     | Learned a level 4 spell: Anguish
 13274 | D:10     | Reached skill level 1 in Hexes
 13657 | D:10     | Gained mutation: You have claws for hands. [demonic
                  | ancestry]
 13657 | D:10     | Reached XP level 11. HP: 68/89 MP: 12/20
 13949 | D:10     | Killed Josephine
 14276 | D:11     | Noticed a two-headed ogre
 14299 | D:10     | Killed a two-headed ogre
 14396 | D:11     | Found a staircase to the Lair.
 14639 | D:11     | Reached skill level 9 in Bows
 14835 | D:11     | Identified the +7 whip "Kenunt Walo" {venom, Will+ Int+2
                  | Dex+3}
 15351 | D:11     | Reached *** piety under Kikubaaqudgha
 15351 | D:11     | Received a gift from Kikubaaqudgha
 15684 | D:11     | Found a staircase to the Orcish Mines.
 15705 | Orc:1    | Entered Level 1 of the Orcish Mines
 15705 | Orc:1    | Noticed an ettin
 15950 | D:12     | Found a portal to a secret trove of treasure.
 16109 | D:12     | Noticed a brown ugly thing
 16217 | D:12     | Noticed a cyan ugly thing
 16231 | D:12     | Killed a cyan ugly thing
 16347 | D:11     | Reached skill level 10 in Fighting
 16592 | D:12     | Noticed a two-headed ogre
 16598 | D:12     | Killed a brown ugly thing
 16772 | D:12     | Reached skill level 10 in Bows
 17088 | D:12     | Reached XP level 12. HP: 49/97 MP: 12/21
 17184 | D:12     | Reached skill level 1 in Earth Magic
 17259 | D:11     | Learned a level 5 spell: Borgnjor's Vile Clutch
 17915 | D:13     | Noticed a centaur warrior
 17956 | D:13     | Killed a centaur warrior
 17960 | D:13     | Noticed a boulder beetle
 18128 | Lair:1   | Entered Level 1 of the Lair of Beasts
 18256 | Lair:1   | Found a gate leading to a gauntlet.
 18265 | Gauntlet | Entered a Gauntlet
 18265 | Gauntlet | Found a transporter.
 18265 | Gauntlet | Found a transporter.
 18265 | Gauntlet | Found a transporter.
 18275 | Gauntlet | Found a transporter.
 18278 | Gauntlet | Found a transporter.
 18286 | Gauntlet | Found a transporter.
 18286 | Gauntlet | Noticed a tengu warrior
 18289 | Gauntlet | Found a transporter.
 18293 | Gauntlet | Found a runed translucent door.
 18293 | Gauntlet | Found a runed translucent door.
 18297 | Gauntlet | Found a transporter.
 18297 | Gauntlet | Noticed a death yak
 18297 | Gauntlet | Noticed a death yak
 18303 | Gauntlet | Noticed a death yak
 18305 | Gauntlet | Noticed a death yak
 18306 | Gauntlet | Noticed a death yak
 18306 | Gauntlet | Noticed a death yak
 18315 | Gauntlet | Found a transporter.
 18334 | Gauntlet | Found a transporter.
 18335 | Gauntlet | Found a transporter.
 18345 | Gauntlet | Found a transporter.
 18485 | Gauntlet | Identified the ring of Taubb {Fly Str+6}
 18532 | Gauntlet | Killed a death yak
 18534 | Gauntlet | Killed a death yak
 18534 | Gauntlet | Killed a death yak
 18544 | Gauntlet | Killed a death yak
 18545 | Gauntlet | Reached skill level 11 in Bows
 18550 | Gauntlet | Killed a death yak
 18550 | Gauntlet | Reached **** piety under Kikubaaqudgha
 18554 | Gauntlet | Killed a death yak
 18651 | Gauntlet | Identified the +2 pair of boots of Ubiquitous Miracles
                  | {*Corrode +Blink rElec MP-9 Dex+2}
 18674 | Gauntlet | Learned a level 4 spell: Dispel Undead
 18679 | Gauntlet | Learned a level 4 spell: Animate Dead
 18687 | Gauntlet | Noticed a minotaur
 18722 | Gauntlet | Paralysed by a floating eye for 4 turns
 19805 | Lair:2   | Noticed a seven-headed hydra
 19812 | Lair:2   | Killed a seven-headed hydra
 19933 | Lair:2   | Noticed a boulder beetle
 19953 | Lair:2   | Reached XP level 13. HP: 81/106 MP: 3/22
 20098 | Lair:2   | Found a runed translucent gate.
 20099 | Lair:2   | Found a runed translucent gate.
 20099 | Lair:2   | Found a runed translucent gate.
 20100 | Lair:2   | Noticed spaghetti's ghost (journeyman GnBe)
 20117 | Lair:2   | Found a staircase to the Swamp.
 20305 | Lair:2   | Found a hole to the Spider Nest.
 20345 | Lair:2   | Reached skill level 12 in Bows
 20770 | Lair:2   | Reached ***** piety under Kikubaaqudgha
 20950 | Lair:2   | Reached skill level 5 in Earth Magic
 21381 | Lair:2   | Noticed Nergalle
 21394 | Lair:2   | Killed Nergalle
 21517 | Lair:2   | Identified the +11 plate armour "Oruotyd" {Int+4}
 21684 | Lair:2   | Killed spaghetti's ghost
 22329 | Lair:3   | Reached skill level 13 in Bows
 23472 | Lair:4   | Reached XP level 14. HP: 113/115 MP: 16/23
 23527 | Lair:4   | Noticed Kirke
 23535 | Lair:4   | Noticed a sphinx
 23543 | Lair:4   | Noticed a sphinx
 23545 | Lair:4   | Killed Kirke
 23885 | Lair:4   | Noticed Sonja
 23891 | Lair:4   | Killed Sonja
 23894 | Lair:4   | Reached skill level 5 in Dodging
 24021 | Lair:4   | Noticed Rupert
 24021 | Lair:4   | Paralysed by Rupert for 2 turns
 24026 | Lair:4   | Noticed Snorg
 24039 | Lair:4   | Killed Snorg
 24366 | Lair:5   | Found a viscous altar of Jiyva.
 24366 | Lair:5   | Found a staircase to the Slime Pits.
 24493 | Lair:4   | Killed Rupert
 25007 | Lair:5   | Reached skill level 14 in Bows
 25841 | Lair:6   | Entered Level 6 of the Lair of Beasts
 26230 | Lair:6   | Noticed Nessos
 26244 | Lair:6   | Killed Nessos
 27169 | Lair:6   | Gained mutation: You regenerate a lot of health from kills.
                  | [demonic ancestry]
 27169 | Lair:6   | Reached XP level 15. HP: 63/123 MP: 1/24
 27764 | D:13     | Reached ****** piety under Kikubaaqudgha
 27765 | D:13     | Identified a +5 longbow of pain (a +3 longbow bloodied by
                  | Kikubaaqudgha)
 27765 | D:13     | Received a gift from Kikubaaqudgha
 27914 | D:13     | Reached skill level 15 in Bows
 28226 | D:13     | Found a one-way gate to the infinite horrors of the Abyss.
 28287 | D:13     | Found a corrupted altar of Lugonu.
 28821 | D:14     | Found a gate to the Vaults.
 29080 | D:14     | Found a broken altar of Ashenzari.
 29363 | D:14     | Noticed Louise
 29369 | D:14     | Killed Louise
 29733 | D:15     | Entered Level 15 of the Dungeon
 29742 | D:15     | Found a viscous altar of Jiyva.
 30153 | D:15     | Reached skill level 10 in Dodging
 30282 | D:15     | Found Uxkuasey's Antique Weapon Boutique.
 30811 | D:15     | Found a staircase to the Depths.
 30819 | D:15     | Reached skill level 16 in Bows
 31439 | Orc:2    | Entered Level 2 of the Orcish Mines
 31855 | Orc:2    | Found a staircase to the Elven Halls.
 31894 | Orc:2    | Noticed Donald
 32189 | Orc:2    | Gained mutation: You are partially covered in sharp spines.
                  | [demonic ancestry]
 32189 | Orc:2    | Reached XP level 16. HP: 133/133 MP: 16/25
 32273 | Orc:2    | Found Vuphuott's Weapon Emporium.
 32273 | Orc:2    | Found Woiplig's Antique Armour Emporium.
 32279 | Orc:2    | Found Ompaixt's Antique Armour Shoppe.
 32281 | Orc:2    | Found Hynuroxt's Armour Shoppe.
 32293 | Orc:2    | Bought a brightly glowing chain mail for 228 gold pieces
 32293 | Orc:2    | Identified the +7 chain mail of Ru's Approval {rElec Will+
                  | Dex-2} (You bought it in a shop on level 2 of the Orcish
                  | Mines)
 32392 | Orc:2    | Killed Donald
 32865 | Temple   | Fell from the grace of Kikubaaqudgha
 32865 | Temple   | Became a worshipper of Cheibriados the Contemplative
 33053 | Swamp:1  | Entered Level 1 of the Swamp
 33193 | D:15     | Bought the +8 storm bow {elec, penet} for 2037 gold pieces
 33193 | D:15     | Found the +8 storm bow {elec, penet}
 34128 | Swamp:2  | Reached * piety under Cheibriados
 34292 | Swamp:2  | Reached skill level 1 in Armour
 34630 | Swamp:2  | Reached ** piety under Cheibriados
 35174 | Swamp:3  | Reached skill level 17 in Bows
 35215 | Swamp:3  | Slain by a goliath frog

Illustrated notes

Levels and vault maps discovered:
D:1:      elethiomel_arrival_quiet, layout_rooms,
          ebering_ecumenical_altar_abandoned, minmay_lizard_pond
D:2:      layout_loops_ring, serial_shops, nicolae_diamond_shop
D:3:      layout_basic, grunt_ministairs_10, chequers_serial_rivers_marsh
D:4:      wad_pebble_path, layout_loops_cross, mainiacjoe_overflow_paths
D:5:      layout_cave_pods, nicolae_ossuary_entry_catacombs,
          minmay_misc_feat_four_crosses, guppyfry_early_orc_mine
D:6:      gammafunk_cloud_chamber, layout_loops_ring,
          minmay_temple_entry_statues_fountains
D:7:      layout_loops_ring, chequers_temple_overflow_minitemple, serial_shops,
          nicolae_shop_behind_doors
D:8:      cheibrodos_iron_armory, layout_loops_ring, grunt_decor_mini_mirrors,
          lightli_orcish_oven, uniq_maurice, uniq_joseph
D:9:      layout_gridville, chequers_serial_rivers_small_b, uniq_grum,
          uniq_harold
D:10:     layout_roguey, kennysheep_generic_room_5, uniq_josephine
D:11:     layout_irregular_city, erik_lair_orcish_takeover, hiddenorc1_lemuel,
          grunt_ministairs_2
D:12:     layout_long_grid, enter_trove_1, minivault_8
D:13:     layout_cave_pools, amcnicky_altar_lugonu_corruption
D:14:     layout_roguey, erik_vaults_2, nicolae_ashenzari_panopticon,
          uniq_louise
D:15:     grunt_enter_depths_snipers, layout_loops_cross, serial_bayou_pond_b,
          serial_shops, nicolae_shop_advertising_works
          [nicolae_subvault_shop_adworks], small_statue_alley_a, jiyva_altar_1
Temple:   dpeg_five_rooms_temple
Lair:1:   layout_long_grid, gauntlet_entry_generic, small_statue_intersection,
          serial_bayou_shore_a
Lair:2:   hangedman_what_comes_after_a, layout_regular_city, swamp_mist,
          spider_nest_entry_web_field, gammafunk_ghost_hydra_chop, uniq_nergalle
Lair:3:   layout_roguey, lemuel_fruit_tree, grunt_megastairs_5
Lair:4:   cheibrodos_magma_flow, layout_gridlike, lemuel_old_faithful,
          uniq_rupert, uniq_sonja, uniq_snorg, uniq_kirke
Lair:5:   layout_hall_layers, slime_altar_1
Lair:6:   evilmike_catoblepas_cave, layout_long_grid, uniq_nessos
Swamp:1:  layout_basic_swamp, nicolae_swamp_round_clearing
Swamp:2:  layout_basic_swamp, nicolae_swamp_feature_on_the_river_bank,
          swamp_pool3, infiniplex_staircase_pool_2
Swamp:3:  layout_basic_swamp, nicolae_swamp_dense_foliage
Orc:1:    layout_caves, basic_altar
Orc:2:    st_orc_mages, layout_caves, uniq_donald

Skill      XL: |  1  2  3  4  5  6  7  8  9 10 11 12 13 14 15 16 |
---------------+-------------------------------------------------+-----
Fighting       | 1 2 3 4 5 6 7 9 10 11 12 13 14 | 14.7
Necromancy     | 5 6 7 9 10 11 12 13 14 | 14.1
Spellcasting   | 3 4 5 6 |  6.1
Evocations     | 3 |  3.0
Bows           | 2 5 8 10 11 13 14 16 17 | 17.1
Hexes          | 1 4 |  4.3
Earth Magic    | 4 6 7 |  7.9
Dodging        | 4 8 10 11 | 11.3
Armour         | 2 |  2.6
Stealth        | |  1.7

Action                   |  1- 3 |  4- 6 |  7- 9 | 10-12 | 13-15 | 16-18 || total
-------------------------+-------+-------+-------+-------+-------+-------++-------
Melee: Unarmed           |       |    16 |       |       |       |       ||    16
       Whip              |       |    24 |       |       |       |       ||    24
       Dagger            |       |   256 |   127 |       |       |       ||   383
       Punch             |       |     8 |     4 |       |       |       ||    12
       Staff             |       |       |    77 |       |       |       ||    77
       Shortbow          |       |       |       |     2 |       |       ||     2
 Fire: Shortbow          |       |       |   159 |   498 |       |       ||   657
       Longbow           |       |       |       |   104 |  1344 |   320 ||  1768
 Cast: Pain              |   102 |    27 |       |       |       |       ||   129
       Vampiric Draining |     6 |    36 |    85 |   123 |    81 |       ||   331
       Anguish           |       |       |       |    37 |    20 |       ||    57
       Borgnjor's Vile C |       |       |       |     5 |    93 |    12 ||   110
       Animate Dead      |       |       |       |     4 |    11 |     2 ||    17
       Dispel Undead     |       |       |       |     1 |     5 |    12 ||    18
Invok: Receive Corpses   |       |       |       |     4 |     6 |       ||    10
       Torment           |       |       |       |       |     1 |       ||     1
       Brand Weapon With |       |       |       |       |     1 |       ||     1
Evoke: Wand              |       |       |     6 |    32 |    12 |       ||    50
  Use: Scroll            |     4 |     4 |     5 |    14 |    10 |     6 ||    43
       Potion            |     1 |     7 |     3 |     9 |     7 |     5 ||    32
 Stab: Sleeping          |       |     3 |     3 |       |       |       ||     6
Armor: Robe              |    10 |   100 |    95 |    77 |       |       ||   282
       Skin              |       |    27 |       |       |       |       ||    27
       Troll leather arm |       |       |       |   145 |   382 |    47 ||   574
       Scale mail        |       |       |       |       |       |    10 ||    10
Dodge: Dodged            |    55 |   141 |   175 |   338 |   803 |   104 ||  1616
Block: Other             |     3 |    43 |    67 |   170 |   384 |    77 ||   744
       Reflection        |       |       |       |       |       |     3 ||     3

Table legend: (Time is in decaauts)
 A = Elapsed time spent in this place.
 B = Non-inter-level travel time spent in this place.
 C = Inter-level travel time spent in this place.
 D = Time resting spent in this place.
 E = Time spent auto-exploring this place.
 F = Levels seen in this place.
 G = Mean time per level.
                   A        B        C        D        E       F      G
               +--------+--------+--------+--------+--------+-----+--------+
         Total |  36188 |  33757 |   2431 |   1922 |  24616 |  29 | 1247.9 |
       Dungeon |  21641 |  20067 |   1574 |   1292 |  15110 |  15 | 1442.7 |
        Temple |    287 |    187 |    100 |      0 |    168 |   1 |  287.0 |
          Lair |   9542 |   8977 |    565 |    484 |   6301 |   6 | 1590.3 |
         Swamp |   2272 |   2154 |    118 |     34 |   1635 |   3 |  757.3 |
  Orcish Mines |   1523 |   1451 |     72 |     90 |    970 |   2 |  761.5 |
       Ossuary |    444 |    444 |      0 |      0 |    163 |   1 |  444.0 |
      Gauntlet |    477 |    477 |      0 |     22 |    267 |   1 |  477.0 |
               +--------+--------+--------+--------+--------+-----+--------+

Top non-repeatable levels by time:
  Lair:2: 2660 daAuts
    D:10: 2656 daAuts
    D:12: 2036 daAuts
  Lair:4: 1927 daAuts
    D:11: 1812 daAuts
     D:1: 1640 daAuts
  Lair:6: 1531 daAuts
     D:4: 1465 daAuts
     D:5: 1435 daAuts
    D:15: 1432 daAuts
     D:8: 1412 daAuts
     D:6: 1343 daAuts
     D:2: 1295 daAuts
 Swamp:2: 1254 daAuts
  Lair:5: 1245 daAuts
